 Dungeon Crawl Stone Soup version 0.21.1-1-g345015f (webtiles) character file.

85 Kagorn the Skirmisher (level 4, -6/29 HPs)
             Began as a Gargoyle Fighter on June 10, 2018.
             Killed from afar by Natasha (14 damage)
             ... with a wand of flame (27)
             ... on level 3 of the Dungeon.
             The game lasted 00:07:26 (1404 turns).

Kagorn the Skirmisher (Gargoyle Fighter)            Turns: 1404, Time: 00:07:27

Health: -6/29      AC: 10    Str: 20    XL:     4   Next: 48%
Magic:  4/4        EV:  7    Int:  8    God:
Gold:   129        SH:  9    Dex: 10    Spells: 3/3 levels left

rFire    . . .     SeeInvis .   a - +0 flail
rCold    . . .     Gourm    .   c - +0 shield
rNeg     + . .     Faith    .   b - +0 scale mail
rPois    ∞         Spirit   .   (no helmet)
rElec    +         Reflect  .   (no cloak)
rCorr    .         Harm     .   (no gloves)
MR       .....                  (no boots)
Stlth    ..........             (no amulet)
HPRegen  0.09/turn              (no ring)
MPRegen  0.09/turn              (no ring)

@: no status effects
A: negative energy resistance 1, electricity resistance, unbreathing,
petrification resistance, rot immunity, AC +3
a: no special abilities


You were on level 3 of the Dungeon.
You were not hungry.

You visited 1 branch of the dungeon, and saw 3 of its levels.

You collected 129 gold pieces.

Inventory:

Hand Weapons
 a - a +0 flail (weapon)
Armour
 b - a +0 scale mail (worn)
 c - a +0 shield (worn)
Jewellery
 m - an uncursed amulet of the gourmand {unknown}
Scrolls
 g - 4 scrolls of identify {unknown}
 h - 5 scrolls of remove curse {unknown}
 i - 3 scrolls of teleportation {unknown}
 j - a scroll of enchant armour {unknown}
 k - a scroll of fog {unknown}
 n - a scroll of immolation {unknown}
 o - a scroll of random uselessness {unknown}
 s - a scroll of magic mapping {unknown}
 t - a scroll of enchant weapon {unknown}
Potions
 d - a potion of might
 e - a potion of ambrosia {unknown}
 l - a potion of invisibility {unknown}
 p - a potion of mutation {unknown}
 q - a potion of curing {unknown}
 r - a potion of resistance {unknown}
Comestibles
 f - a ration


   Skills:
 * Level 4.0 Fighting
 * Level 2.9 Maces & Flails
 + Level 3.7 Armour
 + Level 0.7 Dodging
 + Level 1.2 Stealth
 + Level 3.5 Shields


You had 3 spell levels left.
You didn't know any spells.

Dungeon Overview and Level Annotations

Branches:
Dungeon (3/15)

Altars:

Annotations:
D:3 Natasha


Innate Abilities, Weirdness & Mutations

You are resistant to torment.
Your stone body is resilient. (AC +3)
You are immune to poison.
You resist negative energy. (rN+)
You are resistant to electric shocks. (rElec)
You can survive without breathing.
You are immune to petrification.
You are immune to rotting.


Message History

Natasha casts a spell at you. The magic dart hits you!
You block the bat's attack. The bat hits you but does no damage.
The bat hits you but does no damage. The bat hits you but does no damage.
You closely miss the bat. The bat barely misses you.
You block Natasha's attack. Natasha barely misses you.
You sock the bat!
You kill the bat!
Natasha claws you.
Natasha zaps a wand.
The puff of flame hits you!
It is a wand of flame (28).
You hit Natasha.
Natasha is lightly wounded.
Natasha zaps a wand.
The puff of flame hits you!
* * * LOW HITPOINT WARNING * * *
You thump Natasha!
Natasha is severely wounded.
Natasha zaps a wand.
The puff of flame hits you!
You die...

......................#.#
......................'.#
#..........#..........###
+....(.....#..........##
#..........#...........#
#..........####.###..###
#..........# #..##..#
...........# ##.##..#
#..........# #@h#...
+..........# ##.#...#
#..........#.........)...
...).......#...........##
.#'##.........h....>...#
.#.##.######.......###.#
.#.##.# .........+ #
.#.##.# ##.......#
.#.##.# ........#


You could see Natasha.

Vanquished Creatures
  A crimson imp (D:2)
  2 oozes
  2 worms (D:2)
  A dart slug (D:2)
  2 leopard geckos
  7 bats
  3 goblins
  3 hobgoblins
  4 kobolds
  A quokka (D:2)
  2 ball pythons
  A frilled lizard (D:2)
  5 rats
34 creatures vanquished.

Notes
Turn   | Place    | Note
-------+----------+-------------------------------------------
     0 | D:1      | Kagorn the Gargoyle Fighter began the quest for the Orb.
     0 | D:1      | Reached XP level 1. HP: 14/14 MP: 1/1
    83 | D:1      | Reached XP level 2. HP: 19/19 MP: 2/2
   656 | D:2      | Reached XP level 3. HP: 24/24 MP: 3/3
  1074 | D:2      | Reached skill level 4 in Fighting
  1074 | D:2      | Reached skill level 1 in Stealth
  1074 | D:2      | Reached XP level 4. HP: 26/29 MP: 4/4
  1393 | D:3      | Noticed Natasha
  1404 | D:3      | Killed from afar by Natasha

Skill      XL: |  1  2  3 |
---------------+----------+-----
Fighting       | 4 |  4.0
Stealth        | 1 |  1.2
Maces & Flails | |  2.9
Armour         | |  3.7
Dodging        | |  0.7
Shields        | |  3.5

Action                   |  1- 3 |  4- 6 || total
-------------------------+-------+-------++-------
Melee: Flail             |   143 |    17 ||   160
  Eat: Ration            |     1 |       ||     1
Armor: Scale mail        |   131 |    13 ||   144
Dodge: Dodged            |    69 |    10 ||    79
Block: Shield            |    97 |    11 ||   108
